[Event "*** Titled Tuesday Blitz"]
[Site "Chess.com"]
[Date "2020.02.04"]
[Round "3"]
[White "Terao90"]
[Black "VladimirBelous"]
[Result "0-1"]
[WhiteElo "2427"]
[BlackElo "2749"]
[TimeControl "180+2"]
[EndTime "13:38:43 PST"]
[Termination "VladimirBelous won by resignation"]

1. d4 Nf6 2. Nf3 g6 3. Bg5 Bg7 4. Nbd2 O-O 5. e3 c5 6. c3 b6 7. dxc5 bxc5 8. Bxf6 Bxf6 9. Ne4 Bg7 10. Nxc5 Qb6 11.
Nb3 a5 12. a4 Nc6 13. Be2 Rb8 14. Nfd2 d5 15. O-O e5 16. Bb5 Be6 17. Qe2 Rfc8 18. Rfc1 h5 19. h3 Bh6 20. Rd1 Na7 21. Ba6 Rc7 22.
Rab1 d4 23. Nc1 dxe3 24. fxe3 Qxe3+ 25. Qxe3 Bxe3+ 26. Kf1 Bxd2 27. Rxd2 Rxc3 28. Ne2 Rc6 29. Bd3 Rd6 30. Ke1 Nc6 31. Bb5 Rxd2 32. Kxd2 Nb4 33. Nc3 Rd8+ 34. Ke2 Bb3 35. g4 hxg4 36. hxg4 Kg7 37. Rf1 Rd4 38. g5 Rg4 39. Be8 Rxg5 40. Ke3 Rg3+ 41. Kd2 f5 42. Bb5 Rg2+ 43. Ne2 f4 44.
Kc3 Bxa4 0-1

[Event "*** Titled Tuesday Blitz"]
[Site "Chess.com"]
[Date "2020.02.04"]
[Round "3"]
[White "Irishchessman16"]
[Black "Mikhail_Golubev"]
[Result "0-1"]
[WhiteElo "2255"]
[BlackElo "2555"]
[TimeControl "180+2"]
[EndTime "13:38:43 PST"]
[Termination "Mikhail_Golubev won by resignation"]

1. d4 Nf6 2. c4 g6 3. Nc3 Bg7 4. e4 d6 5. h3 O-O 6. Be3 Nc6 7. d5 Ne5 8. f4 Ned7 9. g4 c6 10. Qd2 b5 11. dxc6 b4 12. Nd5 Nxe4 13.
Qg2 Ndc5 14. Bxc5 Nxc5 15. O-O-O e6 16. c7 Qd7 17. Nxb4 Bb7 18. Nf3 Qa4 19. a3 Qb3 20.
Nd3 Bxf3 21. Qxf3 Bxb2+ 22. Kd2 Bc3+ 23. Ke2 Qc2+ 24. Ke3 e5 25. Nxc5 Bd4+ 26. Rxd4 exd4+ 27. Kxd4 dxc5+ 28. Kxc5 Qb2 29. Qc6 Qf2+ 30. Kb5 Rab8+ 31. cxb8=Q Rxb8+ 32. Ka5 Qd2+ 33. Ka4 Qc2+ 34. Ka5 Qc3+ 35. Ka4 Qb3+ 36. Ka5 0-1

[Event "*** Titled Tuesday Blitz"]
[Site "Chess.com"]
[Date "2020.02.04"]
[Round "3"]
[White "GoingKronos"]
[Black "SONOFHOLYGOD"]
[Result "1-0"]
[WhiteElo "2486"]
[BlackElo "2600"]
[TimeControl "180+2"]
[EndTime "13:38:44 PST"]
[Termination "GoingKronos won by checkmate"]

1. d4 Nf6 2. Nf3 e6 3. c4 Bb4+ 4. Bd2 Be7 5. g3 d5 6. Bg2 O-O 7. O-O c6 8. Qc2 Nbd7 9. Rd1 b6 10. b3 Ba6 11. Bc1 Ne4 12. Nbd2 f5 13. Bb2 Rc8 14.
Rac1 Bd6 15. Ne5 Nxe5 16. dxe5 Bc5 17. e3 Qg5 18. Nf3 Qh6 19. Bd4 Ba3 20. Bb2 Be7 21. h4 g5 22. hxg5 Bxg5 23. Nxg5 Qxg5 24. Ba3 Rf7 25.
cxd5 cxd5 26. Qb2 h5 27. Rxc8+ Bxc8 28. Qc2 Ba6 29. Qc6 h4 30. Qxe6 Nxg3 31. Rxd5 h3 32.
fxg3 Qxg3 33. Rd8+ Kg7 34. Bf8+ Rxf8 35. Rd7+ Rf7 36.
Qxf7+ Kh8 37. Qh7# 1-0

[Event "*** Titled Tuesday Blitz"]
[Site "Chess.com"]
[Date "2020.02.04"]
[Round "3"]
[White "PchelkinVK"]
[Black "quesfr"]
[Result "0-1"]
[WhiteElo "2492"]
[BlackElo "2057"]
[TimeControl "180+2"]
[EndTime "13:38:44 PST"]
[Termination "quesfr won on time"]

1. d4 d5 2. Nc3 e6 3. e4 Nc6 4.
Nf3 Nf6 5. Bg5 Be7 6. Bxf6 Bxf6 7.
e5 Be7 8. a3 O-O 9. Bd3 f6 10. h4 Bd7 11. Qe2 a6 12. O-O-O b5 13. Kb1 b4 14. axb4 Nxb4 15. Bxh7+ Kxh7 16. Ng5+ Kg8 17. f4 fxg5 18. hxg5 Bxg5 19. g3 Bh6 20.
Rh3 Qe8 21. Rdh1 Qg6 22. Nd1 Bb5 23. Qh2 Nxc2 24. Ka2 Nxd4 25. Ne3 Bc4+ 26. Ka1 Nb3+ 27. Ka2 Nc1+ 28. Ka1 Nb3+ 29. Ka2 Nd4+ 30. Ka1 Bb3 31. Qd2 Nf5 32. Ng2 c5 33. Ne3 Nd4 0-1

[Event "*** Titled Tuesday Blitz"]
[Site "Chess.com"]
[Date "2020.02.04"]
[Round "3"]
[White "OparinGrigoriy"]
[Black "vlad_Sid"]
[Result "1-0"]
[WhiteElo "3037"]
[BlackElo "2727"]
[TimeControl "180+2"]
[EndTime "13:38:51 PST"]
[Termination "OparinGrigoriy won by resignation"]

1. Nf3 d5 2. g3 Bg4 3. Bg2 Nd7 4. O-O Ngf6 5. c4 c6 6. d3 Bxf3 7. Bxf3 dxc4 8. dxc4 Ne5 9. Nd2 Nxf3+ 10. Nxf3 e6 11.
Qc2 Be7 12. Rd1 Qc8 13. b3 O-O 14. Bb2 Rd8 15. Ng5 h6 16. Ne4 Nxe4 17. Qxe4 Qc7 18.
Qg4 Bf8 19. Bf6 Rxd1+ 20. Rxd1 Qa5 21. Rd7 h5 22. Qg5 Qe1+ 23. Kg2 Qxe2 24. h4 Qe4+ 25. Kh2 Qf3 26. Bd4 c5 27. Be3 b6 28. a4 a6 29. Qf4 Qxf4 30. Bxf4 f6 31. Rb7 e5 32. Be3 b5 33. cxb5 axb5 34. axb5 Ra3 35. Rb8 Rxb3 36. Bxc5 Kh7 37. Bxf8 Kg6 38. Kg2 e4 39. Bc5 Kf5 40.
b6 Kg4 41. Rg8 g5 42. hxg5 f5 43. g6 h4 44. gxh4 f4 45. Re8 e3 46. g7 f3+ 47.
Kh2 1-0

[Event "*** Titled Tuesday Blitz"]
[Site "Chess.com"]
[Date "2020.02.04"]
[Round "3"]
[White "matiss90"]
[Black "TristanCalistri"]
[Result "0-1"]
[WhiteElo "2521"]
[BlackElo "2269"]
[TimeControl "180+2"]
[EndTime "13:38:54 PST"]
[Termination "TristanCalistri won by resignation"]

1. e4 e5 2. Nf3 d6 3. d4 exd4 4.
Nxd4 Nf6 5. Nc3 Be7 6. Nf5 Bxf5 7. exf5 O-O 8. Qf3 d5 9. g4 Bb4 10. Bd2 Re8+ 11. Be2 d4 12. Nb1 Nc6 13. a3 Bxd2+ 14. Kxd2 Ne4+ 15. Kd1 d3 16. Bxd3 Nd4 17. Qg2 Qd5 18.
Rg1 Nf3 19. Nc3 Nxc3+ 20. bxc3 Rad8 21. Kc1 Nxg1 22. Qxg1 Rd6 23. g5 Qe5 24. Kb2 Rb6+ 25. Ka2 Qxc3 26. Rb1 Re5 27. Rxb6 axb6 28. Qb1 Re1 29.
Qb2 Qxb2+ 30. Kxb2 Rh1 31. Be4 Rxh2 32. Bxb7 Rxf2 33. Be4 Rf4 34. Bd3 Rg4 35. g6 fxg6 36. fxg6 hxg6 37. Kb3 Rg3 38. Kb4 g5 39. Kb5 Re3 40.
Kc6 Re7 41. Bf5 Kf7 42. c4 Kf6 43. Bg4 Ke5 44. a4 Kf4 45. Bd1 g4 46. c5 g3 47.
cxb6 cxb6 0-1

[Event "*** Titled Tuesday Blitz"]
[Site "Chess.com"]
[Date "2020.02.04"]
[Round "3"]
[White "Pultis"]
[Black "Duhless"]
[Result "0-1"]
[WhiteElo "2728"]
[BlackElo "3057"]
[TimeControl "180+2"]
[EndTime "13:38:55 PST"]
[Termination "Duhless won by resignation"]

1. d4 Nf6 2. Nf3 d5 3. g3 g6 4. Bg2 Bg7 5. O-O O-O 6. c4 c6 7. cxd5 cxd5 8. Ne5 Ng4 9. Nxg4 Bxg4 10. Nc3 Nc6 11. h3 Bd7 12. Nxd5 Nxd4 13. Bg5 Re8 14. Rc1 Bxh3 15. Nxe7+ Rxe7 16. Bxh3 Nxe2+ 17. Kh2 f6 18. Qb3+ Kh8 19. Rcd1 Nd4 20. Rxd4 Qxd4 21. Be3 Qd8 22. Rd1 Qg8 23. Qb4 Qf7 24. Bc5 Rc7 25.
Bxa7 Bf8 26. Qd4 Rc6 27. Qe3 Re8 28. Qf3 Rd6 29. Rxd6 Bxd6 30. a4 Be5 31. b4 b5 32.
Qc6 bxa4 33. Bg2 a3 34. Qa4 a2 35. Bd5 Qxd5 36. Qxe8+ Qg8 0-1

[Event "*** Titled Tuesday Blitz"]
[Site "Chess.com"]
[Date "2020.02.04"]
[Round "3"]
[White "Gentlejimmy7"]
[Black "lelya96"]
[Result "1/2-1/2"]
[WhiteElo "2656"]
[BlackElo "2467"]
[TimeControl "180+2"]
[EndTime "13:38:55 PST"]
[Termination "Game drawn by repetition"]

1. d4 Nf6 2. Nf3 d5 3. c4 c6 4.
Nc3 dxc4 5. a4 Bf5 6. Ne5 Nbd7 7. Nxc4 Qc7 8. Bg5 e5 9. e3 Be7 10. Bd3 Bxd3 11. Qxd3 exd4 12. Bf4 Qd8 13. exd4 O-O 14.
Rd1 Nb6 15. O-O Nfd5 16. Be5 Nxc3 17. bxc3 Nxa4 18. Ra1 Nb6 19. Na5 Qd7 20. Rfb1 Rfd8 21. Qg3 f6 22. Bc7 Rdc8 23. Bf4 Bf8 24. Be3 Qf7 25.
c4 Nxc4 26. Nxc4 Qxc4 27. Rxb7 a5 28. Bh6 g6 29. Bxf8 Rxf8 30. Qd6 Rf7 31. Rxf7 Kxf7 32. Re1 Kg7 33. Re7+ Kg8 34. h4 Rf8 35. Qc7 Rf7 36.
Qd8+ Kg7 37. Rxf7+ Qxf7 38. Qxa5 Qd5 39. Qc7+ Kh6 40.
Qf4+ Kg7 41. f3 c5 42. Qc7+ Kh6 43. Qxc5 Qe6 44. d5 Qe1+ 45. Kh2 Qxh4+ 46. Kg1 Qe1+ 47. Kh2 Qh4+ 48. Kg1 Qe1+ 49. Kh2 Qh4+ 1/2-1/2

[Event "*** Titled Tuesday Blitz"]
[Site "Chess.com"]
[Date "2020.02.04"]
[Round "3"]
[White "Joshukid"]
[Black "LivajaM"]
[Result "1-0"]
[WhiteElo "2605"]
[BlackElo "2401"]
[TimeControl "180+2"]
[EndTime "13:38:55 PST"]
[Termination "Joshukid won by checkmate"]

1. e4 c5 2. Nf3 Nc6 3. Bb5 g6 4.
Bxc6 bxc6 5. O-O Bg7 6. Re1 e5 7. c3 d6 8. d4 cxd4 9. cxd4 Bg4 10. dxe5 Bxf3 11. Qxf3 Bxe5 12. Nc3 Qf6 13. Qd3 Ne7 14. f4 Bd4+ 15. Kh1 O-O 16. e5 dxe5 17. fxe5 Bxe5 18.
Ne4 Qf5 19. Bh6 Rfd8 20. Qe2 Nd5 21. Rf1 Qd7 22. Rad1 Re8 23. Qf3 f5 24. Nc3 Bxc3 25. bxc3 Qe6 26. c4 Nf6 27. h3 Qxc4 28. Rd6 Ne4 29. Rfd1 Nxd6 30. Rxd6 Qe4 31. Qb3+ Kh8 32. Bd2 Kg7 33. Bc3+ Kh6 34. Rd4 Qe7 35. Qc4 g5 36. Qxc6+ Kh5 37. g4+ fxg4 38. hxg4+ Kh4 39. Qh6+ Kg3 40.
Qh2+ Kf3 41. Qg2+ Ke3 42. Qg3+ Ke2 43. Rd2+ Kf1 44. Qg1# 1-0

[Event "*** Titled Tuesday Blitz"]
[Site "Chess.com"]
[Date "2020.02.04"]
[Round "3"]
[White "MisiekZielony"]
[Black "zurzan"]
[Result "1-0"]
[WhiteElo "2335"]
[BlackElo "1950"]
[TimeControl "180+2"]
[EndTime "13:38:57 PST"]
[Termination "MisiekZielony won by resignation"]

1. c4 f5 2. e4 Nf6 3. e5 Ng8 4. d4 g6 5. h4 h5 6. Nf3 Nh6 7. Nc3 e6 8. Bg5 Be7 9. Qd2 Nf7 10. Bxe7 Qxe7 11. O-O-O Nc6 12. g3 b6 13. Bg2 Bb7 14. b3 O-O-O 15. Rhe1 Qb4 16. Ne2 Qxd2+ 17. Rxd2 a5 18.
Nf4 Rhg8 19. d5 exd5 20. cxd5 Nb4 21. Ng5 Nxg5 22. hxg5 Rde8 23. Kb2 Na6 24. Re3 Nc5 25.
a3 Rg7 26. b4 axb4 27. axb4 Na6 28. Kb3 c5 29. dxc6 dxc6 30. Rc2 Kc7 31. Nd5+ Kb8 32.
Nxb6 Ka7 33. Nc4 c5 34. Nd6 Bxg2 35. Nxe8 Rb7 36. Nd6 Rxb4+ 37. Kc3 Bd5 38. e6 Rb3+ 39. Kd2 Rxe3 40. Kxe3 Bxe6 41. Kf4 Nb4 42. Re2 Nd3+ 43. Ke3 Bc4 44. Nxc4 Nc1 45. Rc2 Ka6 46. Rxc1 Kb5 47. Ne5 1-0

[Event "*** Titled Tuesday Blitz"]
[Site "Chess.com"]
[Date "2020.02.04"]
[Round "3"]
[White "bsnsun"]
[Black "Fy_Rakotomaharo"]
[Result "1/2-1/2"]
[WhiteElo "2383"]
[BlackElo "2567"]
[TimeControl "180+2"]
[EndTime "13:38:58 PST"]
[Termination "Game drawn by repetition"]

1. Nf3 Nf6 2. c4 g6 3. d4 Bg7 4. Nc3 d5 5. cxd5 Nxd5 6. g3 O-O 7. Bg2 Nxc3 8. bxc3 c5 9. O-O Nc6 10. e3 Bf5 11.
Nh4 Bd7 12. Qe2 Qa5 13. Bd2 Qa4 14. h3 e5 15. dxc5 e4 16. c4 g5 17. Bxe4 gxh4 18. Qh5 f5 19. Bd5+ Kh8 20. Qxh4 Rae8 21. Rab1 Qa6 22.
Rfc1 Be6 23. Bc3 Ne5 24. Bxe5 Bxe5 25. Rxb7 Bg7 26. c6 Qa3 27. Rcb1 f4 28. exf4 Bxd5 29. cxd5 Qd3 30. Qh5 Rd8 31. R1b5 Qd4 32. c7 Rde8 33.
d6 Re1+ 34. Kg2 Qe4+ 35. Qf3 Rg1+ 36. Kxg1 Qxf3 37. Rb8 Qd1+ 38. Kh2 Qe2 39. Rxf8+ Bxf8 40. c8=Q Qxf2+ 41. Kh1 Qf1+ 42. Kh2 Qf2+ 43. Kh1 Qf1+ 44. Kh2 Qf2+ 1/2-1/2

[Event "*** Titled Tuesday Blitz"]
[Site "Chess.com"]
[Date "2020.02.04"]
[Round "3"]
[White "AndrewDGreen"]
[Black "reigningmvp"]
[Result "1-0"]
[WhiteElo "2219"]
[BlackElo "2352"]
[TimeControl "180+2"]
[EndTime "13:39:02 PST"]
[Termination "AndrewDGreen won by resignation"]

1. d4 e6 2. Nf3 d5 3. Bf4 Nf6 4. e3 c5 5. c3 Nc6 6. Nbd2 Bd6 7.
Bg3 O-O 8. Bd3 b6 9. e4 dxe4 10. Nxe4 Nxe4 11. Bxe4 Bb7 12. dxc5 Bxc5 13. Qa4 Na5 14.
Rd1 Qc8 15. Bxh7+ Kxh7 16. Qh4+ Kg8 17. Ng5 Rd8 18. O-O Qc6 19. Qh7+ Kf8 20. Nf3 Ke8 21.
b4 Bf8 22. bxa5 Ba6 23. Rfe1 Rxd1 24. Rxd1 Rc8 25. Qg8 Be2 26. Bd6 Qxd6 27. Rxd6 Rxc3 28. h4 Ke7 29. Rd7+ Kxd7 30. Qxf8 Bb5 31. Qxf7+ Kc6 32.
Nd4+ Kc5 33. Nxb5 Kxb5 34. axb6 Rc1+ 35. Kh2 axb6 36. Qxg7 Rc5 37. Qb2+ Kc6 38. g3 Rf5 39. Kg2 Kd7 40. Qd2+ Kc7 41. Qc3+ Kb7 42. Qe3 Ra5 43.
Qxe6 1-0

[Event "*** Titled Tuesday Blitz"]
[Site "Chess.com"]
[Date "2020.02.04"]
[Round "3"]
[White "AleksanderHnydiuk"]
[Black "killer311"]
[Result "1-0"]
[WhiteElo "2560"]
[BlackElo "2256"]
[TimeControl "180+2"]
[EndTime "13:39:04 PST"]
[Termination "AleksanderHnydiuk won by resignation"]

1. Nf3 d5 2. d4 Nf6 3. c4 c6 4.
Qc2 dxc4 5. Qxc4 Bf5 6. g3 e6 7.
Bg2 Nbd7 8. O-O Be7 9. Nc3 O-O 10.
e3 Rc8 11. Rd1 Qa5 12. Qe2 e5 13. Bd2 exd4 14. Nxd4 Bg4 15. f3 Bh5 16. e4 Bc5 17. Be3 Ne5 18. Kh1 Qc7 19. Rac1 Rfd8 20. Na4 Bxd4 21.
Bxd4 Qa5 22. Nc5 Rxd4 23. Rxd4 b6 24. Na4 c5 25. b3 Nc6 26. Rd6 Ne8 27. Rd7 Nf6 28. Rd6 Ne8 29. Rdd1 Nc7 30. Qd2 Qxd2 31. Rxd2 Nd4 32. g4 Bg6 33. b4 Nce6 34. bxc5 bxc5 35. Nxc5 Rc6 36. Nb3 Rxc1+ 37. Nxc1 Kf8 38. f4 Nxf4 39. Rxd4 Ke7 40. Nd3 Ne2 41. Ra4 Ke6 42.
Rxa7 h5 43. Bf3 Nd4 44. Nf4+ Ke5 45. Nxg6+ fxg6 46. Kg2 1-0

[Event "*** Titled Tuesday Blitz"]
[Site "Chess.com"]
[Date "2020.02.04"]
[Round "3"]
[White "andrzej"]
[Black "bascheyaro"]
[Result "0-1"]
[WhiteElo "2357"]
[BlackElo "2813"]
[TimeControl "180+2"]
[EndTime "13:39:05 PST"]
[Termination "bascheyaro won by checkmate"]

1. d4 d5 2. c4 c6 3. cxd5 cxd5 4. Bf4 Nf6 5. e3 Nc6 6. Nc3 a6 7. Be2 Bf5 8. g4 Be4 9. Bf3 Bxf3 10. Nxf3 e6 11.
Ne5 Nxe5 12. dxe5 Nd7 13. O-O Bb4 14. Ne2 Rc8 15. Nd4 Bc5 16. Rc1 O-O 17. Qf3 Bxd4 18. exd4 Qb6 19. Be3 Rxc1 20. Rxc1 Qxb2 21. h4 Qb6 22. h5 f6 23. Qg3 fxe5 24. dxe5 d4 25. Bg5 h6 26. Be7 Re8 27. Bd6 Qb5 28. Rd1 Qd5 29.
Qd3 Nxe5 30. Bxe5 Qxe5 31. Qxd4 Qxd4 32. Rxd4 Re7 33. f4 e5 34. Re4 Kf7 35. fxe5 Ke6 36. Kf2 Kd5 37. Rb4 b5 38. a4 Rb7 39. axb5 axb5 40.
Ke3 Kxe5 41. Kf3 Kd5 42. Kf4 Rf7+ 43. Ke3 Kc5 44. Rb1 b4 45. Rc1+ Kb5 46. Rc8 Rd7 47.
Rb8+ Kc4 48. Rc8+ Kb3 49. Ke4 Ka2 50. Ke5 b3 51. Ke6 Rb7 52. Ra8+ Kb1 53. Rf8 b2 54. Rf1+ Ka2 55. Rf2 Ka3 56. Rf3+ Rb3 57. Rxb3+ Kxb3 58. Kf7 b1=Q 59. Kxg7 Qc1 60. Kh7 Qg5 61. Kh8 Kc4 62.
Kh7 Kd5 63. Kh8 Ke6 64. Kh7 Kf7 65. Kh8 Qg7# 0-1

[Event "*** Titled Tuesday Blitz"]
[Site "Chess.com"]
[Date "2020.02.04"]
[Round "3"]
[White "Playgood28"]
[Black "FrogMist"]
[Result "1-0"]
[WhiteElo "2279"]
[BlackElo "2389"]
[TimeControl "180+2"]
[EndTime "13:39:05 PST"]
[Termination "Playgood28 won by resignation"]

1. d4 Nf6 2. c4 c5 3. d5 e6 4. Nc3 exd5 5. cxd5 d6 6. e4 g6 7. f4 Bg7 8. Bb5+ Nfd7 9. a4 O-O 10. Nf3 Na6 11.
O-O Nb4 12. Be3 a6 13. Bc4 Re8 14. Bf2 f5 15. Bh4 Qc7 16. e5 Nb6 17. b3 Nxc4 18. bxc4 dxe5 19. d6 Qc6 20. Nxe5 Rxe5 21. fxe5 Bxe5 22.
Nd5 Bd4+ 23. Qxd4 cxd4 24. Ne7+ Kf7 25. Nxc6 bxc6 26. Rfe1 Ra7 27. c5 Be6 28. Rad1 d3 29. Re3 a5 30. Rde1 d2 31. Rd1 h6 32. Rxd2 g5 33. Be1 f4 34. Re5 Nd5 35. Rde2 Bg4 36. Rb2 Kf6 37. Re8 Be6 38. Reb8 Ke5 39. R2b7 Rxb7 40.
Rxb7 Nf6 41. Bc3+ 1-0

[Event "*** Titled Tuesday Blitz"]
[Site "Chess.com"]
[Date "2020.02.04"]
[Round "3"]
[White "DamianoLew95"]
[Black "iturrizaga"]
[Result "1-0"]
[WhiteElo "2598"]
[BlackElo "2854"]
[TimeControl "180+2"]
[EndTime "13:39:10 PST"]
[Termination "DamianoLew95 won on time"]

1. d4 Nf6 2. Bf4 c5 3. d5 d6 4. Nc3 g6 5. e4 Bg7 6. Nf3 O-O 7. Qd2 a6 8. a4 Qa5 9. Ra3 Qb4 10. Rb3 Nxe4 11. Qe3 Bxc3+ 12. bxc3 Qxa4 13. Be2 c4 14. Qxe4 Qa1+ 15. Kd2 Qxh1 16. Bxc4 Bf5 17. Qd4 Nd7 18. Bh6 Nf6 19. Rxb7 Qxg2 20. Rxe7 Nh5 21. Bxf8 Rxf8 22.
Nh4 Qg5+ 23. Re3 Bg4 24. Ng2 a5 25. h4 Qf5 26. Bd3 Qc8 27. Qb6 Bf5 28. Qxa5 Bxd3 29. cxd3 Qg4 30. Ne1 Qxh4 31. Rf3 Qg5+ 32. Kc2 Re8 33.
c4 Re2+ 34. Kb3 Nf6 35. Qc3 Nd7 36. d4 Qd8 37. Nc2 Qa8 38. Qb4 Qa2+ 39. Kxa2 1-0

[Event "*** Titled Tuesday Blitz"]
[Site "Chess.com"]
[Date "2020.02.04"]
[Round "3"]
[White "norwaytoadog"]
[Black "Gogolev_Artemy"]
[Result "0-1"]
[WhiteElo "2288"]
[BlackElo "2505"]
[TimeControl "180+2"]
[EndTime "13:39:10 PST"]
[Termination "Gogolev_Artemy won by resignation"]

1. e4 c5 2. Nf3 Nf6 3. e5 Nd5 4. Nc3 e6 5. Nxd5 exd5 6. d4 cxd4 7. Nxd4 Nc6 8. Nf3 Bc5 9. Bd3 d6 10. exd6 Qxd6 11. O-O O-O 12. h3 h6 13. c3 Be6 14.
Re1 d4 15. b4 Bb6 16. b5 Ne7 17. cxd4 Rfd8 18. Be3 Nd5 19. Qd2 Qa3 20. Rec1 Ba5 21. Qd1 Bc3 22. Rab1 Bb2 23. Ne5 Nxe3 24. fxe3 Bxc1 25.
Rxc1 Rac8 26. Rb1 Qxa2 27. Qf3 Bc4 28. Bf5 Bd5 29. e4 Qxb1+ 30. Kh2 Qb3 31. Qg4 Be6 32. d5 Bxf5 33. Qxf5 Rf8 34. Nd7 Qc3 35. e5 Qc7 36. d6 Qd8 37. Nf6+ gxf6 38. exf6 Qxd6+ 39. g3 Qd2+ 40. Kg1 Rc1+ 0-1

[Event "*** Titled Tuesday Blitz"]
[Site "Chess.com"]
[Date "2020.02.04"]
[Round "3"]
[White "sergiochess83"]
[Black "SuperCheese"]
[Result "1-0"]
[WhiteElo "2926"]
[BlackElo "2690"]
[TimeControl "180+2"]
[EndTime "13:39:13 PST"]
[Termination "sergiochess83 won by resignation"]

1. e4 e5 2. Nf3 Nc6 3. Bb5 a6 4. Ba4 Nf6 5. O-O Be7 6. Re1 b5 7. Bb3 d6 8. c3 O-O 9. h3 Na5 10. Bc2 c5 11. d4 Nd7 12. a4 b4 13. cxb4 cxb4 14. Nbd2 Bf6 15. d5 Nc5 16. Nf1 b3 17.
Bd3 Bd7 18. Qe2 Bxa4 19. Bxa6 Rxa6 20. Rxa4 Nxa4 21. Qxa6 Qb6 22. Qxb6 Nxb6 23. Be3 Nbc4 24. Ra1 Rc8 25. N3d2 Bd8 26. Nxc4 Nxc4 27. Rc1 Rc7 28. Rc3 Nxe3 29. Rxe3 Rb7 30. Nd2 Kf8 31. Rxb3 Rc7 32. Rc3 Rxc3 33. bxc3 Ba5 34. Nc4 Bxc3 35. Nxd6 g6 36.
g4 Ke7 37. Nc4 h5 38. gxh5 gxh5 39. Ne3 Bb2 40. Nf5+ Kf6 41. Kg2 Ba3 42. Kg3 Kg5 43. d6 Bb4 44. d7 Ba5 45. Ne7 f5 46. Nxf5 Bd8 47. Nd6 Kf6 48. Nb7 Ke7 49. Nxd8 Kxd8 50. Kh4 Kxd7 51. Kxh5 1-0

[Event "*** Titled Tuesday Blitz"]
[Site "Chess.com"]
[Date "2020.02.04"]
[Round "3"]
[White "Noam_Vitenberg"]
[Black "PaulfromSPb"]
[Result "1-0"]
[WhiteElo "2460"]
[BlackElo "2624"]
[TimeControl "180+2"]
[EndTime "13:39:13 PST"]
[Termination "Noam_Vitenberg won by resignation"]

1. Nf3 Nf6 2. c4 e6 3. Nc3 Bb4 4. g4 h6 5. Rg1 d5 6. a3 Be7 7. d4 c5 8. dxc5 Bxc5 9. g5 hxg5 10.
Bxg5 Qb6 11. e3 Qxb2 12. Na4 Bb4+ 13. axb4 Qxb4+ 14. Qd2 Qxd2+ 15. Nxd2 Nbd7 16. Bxf6 Nxf6 17. Nb6 Rb8 18. Rxa7 O-O 19. Bd3 Rd8 20. Ke2 Bd7 21.
cxd5 Nxd5 22. Nxd5 exd5 23. Nf3 Bc6 24. Nd4 g6 25. h4 Kf8 26. Rc1 Rd6 27. Ra5 Ke7 28. h5 Kd7 29. hxg6 fxg6 30. Nxc6 bxc6 31. Ra7+ Ke6 32.
Bxg6 Rb2+ 33. Rc2 Rb6 34. Rc7 Kf6 35. Be8 d4 36. Rd2 Re6 37. Rf7+ Kg5 38. Bd7 dxe3 39. fxe3 Re5 40. Kf3 Kg6 41. Rf4 Rb3 42. Rg2+ Kh5 43. Rf5+ Rxf5+ 44. Bxf5 c5 45. Kf4 Kh6 46. Rg6+ Kh5 47.
Rc6 Rb4+ 48. e4 c4 49. Bg4+ 1-0

[Event "*** Titled Tuesday Blitz"]
[Site "Chess.com"]
[Date "2020.02.04"]
[Round "3"]
[White "politeplayer"]
[Black "ChessBitl"]
[Result "0-1"]
[WhiteElo "2136"]
[BlackElo "2378"]
[TimeControl "180+2"]
[EndTime "13:39:14 PST"]
[Termination "ChessBitl won on time"]

1. e4 c5 2. d4 cxd4 3. c3 Nf6 4. e5 Nd5 5. Nf3 Nc6 6. Bc4 Nb6 7. Bb3 d6 8. exd6 Qxd6 9. O-O Bf5 10. Na3 a6 11. Bxf7+ Kxf7 12. Qb3+ Nd5 13. c4 Ndb4 14. Bd2 e6 15. c5 Qd5 16. Qa4 Bxc5 17. Rac1 b5 18. Qd1 Nd3 19. Ng5+ Ke7 20. Qh5 Bg6 21. Qh4 Kd7 22.
Rcd1 Nxb2 23. Rde1 Rae8 24. Nb1 Nd3 25. Re2 Be7 26. Qg3 Bf6 27. Nf3 Nde5 28. Nxe5+ Nxe5 29. Qa3 Bd3 30. Rxe5 Bxe5 31. Qxd3 Bd6 32. Ba5 g6 33.
Nd2 Rhf8 34. Ne4 Qc4 35. Qh3 Rf7 36. Bd2 Qd5 37. Nxd6 Kxd6 38. Rd1 e5 39. Qa3+ Ke6 40. Qxa6+ Kf5 41. f3 h5 42. h3 h4 0-1

[Event "*** Titled Tuesday Blitz"]
[Site "Chess.com"]
[Date "2020.02.04"]
[Round "3"]
[White "INLOVEWITHF"]
[Black "ilya261991"]
[Result "1-0"]
[WhiteElo "2329"]
[BlackElo "2526"]
[TimeControl "180+2"]
[EndTime "13:39:15 PST"]
[Termination "INLOVEWITHF won by checkmate"]

1. d4 Nf6 2. c4 d6 3. g3 Nbd7 4. Bg2 e5 5. Nf3 c6 6. O-O Be7 7. Nc3 O-O 8. e4 h6 9. Re1 Qc7 10. h3 a6 11. Qc2 Rb8 12. a4 Re8 13. Be3 exd4 14. Nxd4 Ne5 15. b3 Ng6 16. f4 Bd7 17. Rad1 Nh5 18. Bf2 Nf6 19. g4 a5 20. Bg3 Qb6 21.
Kh2 Bf8 22. Nf5 Qc7 23. c5 dxc5 24. e5 Nd5 25. Nxd5 cxd5 26. Bxd5 Be6 27. Bxe6 Rxe6 28. Nxh6+ gxh6 29. f5 Rbe8 30. fxe6 Rxe6 31. Qf5 Bg7 32. Rd5 b6 33. h4 Ne7 34. Qe4 Nxd5 35. Qxd5 Qc8 36.
Rf1 Qe8 37. Rf5 Rg6 38. Kh3 Qe7 39. h5 Re6 40. Bh4 Qe8 41. Bg3 Qc8 42. Bf4 Re7 43. Rf6 Bxf6 44. exf6 Rd7 45. Qf5 Qe8 46. Bxh6 Kh8 47.
Bg7+ Kg8 48. h6 Qe6 49. h7# 1-0

[Event "*** Titled Tuesday Blitz"]
[Site "Chess.com"]
[Date "2020.02.04"]
[Round "3"]
[White "Kimster98"]
[Black "Carnivoras"]
[Result "1/2-1/2"]
[WhiteElo "2693"]
[BlackElo "2558"]
[TimeControl "180+2"]
[EndTime "13:39:19 PST"]
[Termination "Game drawn by agreement"]

1. e4 e5 2. Nf3 Nc6 3. Bb5 Nf6 4. d4 exd4 5. O-O d6 6. Nxd4 Bd7 7.
Nc3 Be7 8. Nxc6 Bxc6 9. Bxc6+ bxc6 10. Qd3 O-O 11. b3 Nd7 12. Be3 Re8 13. f3 Bf6 14.
Rad1 Qe7 15. Ne2 Ne5 16. Qd2 g6 17. Nd4 c5 18. Ne2 Bg7 19. Nf4 Nc6 20. Nd5 Qd8 21.
Bh6 Nd4 22. Bxg7 Kxg7 23. c3 Ne6 24. Qe3 c6 25. Nf4 Qf6 26. Nxe6+ Rxe6 27. Rd3 a5 28. Rfd1 a4 29. Qd2 axb3 30. axb3 Rb8 31. Rxd6 Rxd6 32.
Qxd6 Qxd6 33. Rxd6 Rxb3 34. Rd3 c4 35. Re3 Rb2 36. f4 Kf6 37. Kf1 Rc2 38. h3 Ke6 39. g4 c5 40. Ke1 f6 41. Rf3 Kd6 42. Kd1 Rh2 43. Ke1 Rc2 44. Re3 Ke6 45. e5 fxe5 46. Rxe5+ Kf6 47. Re3 h5 48. Kf1 hxg4 49. hxg4 Kf7 50.
Rf3 Kf6 51. f5 gxf5 52. Rxf5+ Kg6 53. Rxc5 Rxc3 54. Ke2 Rc2+ 1/2-1/2

[Event "*** Titled Tuesday Blitz"]
[Site "Chess.com"]
[Date "2020.02.04"]
[Round "3"]
[White "kingofthenil"]
[Black "temus_galaktionov"]
[Result "1/2-1/2"]
[WhiteElo "2484"]
[BlackElo "2698"]
[TimeControl "180+2"]
[EndTime "13:39:20 PST"]
[Termination "Game drawn by repetition"]

1. d4 c6 2. c4 g6 3. Nc3 Bg7 4. e4 d6 5. Nf3 Nd7 6. Be2 e5 7. O-O Ngf6 8. Qc2 O-O 9. Be3 Ng4 10. Bg5 f6 11. Bd2 Qe7 12. b4 h5 13. Qb3 Kh7 14. Rad1 Nh6 15. Bc1 g5 16. c5 dxc5 17. dxc5 a5 18. a3 Nb8 19. Ne1 Be6 20. Bc4 Bxc4 21.
Qxc4 Na6 22. Nc2 axb4 23. axb4 Qf7 24. Qe2 Rad8 25. Rxd8 Rxd8 26. Rd1 Rxd1+ 27. Qxd1 Qb3 28. Bd2 Nxb4 29. Nxb4 Qxb4 30. Qxh5 Qxc5 31. h4 Qd4 32. hxg5 Qxd2 33. gxh6 Qc1+ 34. Nd1 Qxh6 35. Qf5+ Qg6 36.
Qh3+ Kg8 37. Qc8+ Bf8 38. Ne3 Qxe4 39. Qe6+ Kh7 40. Qf7+ Bg7 41. Qh5+ Kg8 42. Qe8+ Kh7 43. Qh5+ Kg8 44. Nf5 Qe1+ 45. Kh2 Qc1 46. Qe8+ Kh7 47.
Qh5+ Kg8 48. Qe8+ Kh7 49. Qh5+ Kg8 1/2-1/2

[Event "*** Titled Tuesday Blitz"]
[Site "Chess.com"]
[Date "2020.02.04"]
[Round "3"]
[White "catalin009"]
[Black "GianmarcoVaR"]
[Result "1-0"]
[WhiteElo "2454"]
[BlackElo "2619"]
[TimeControl "180+2"]
[EndTime "13:39:20 PST"]
[Termination "catalin009 won by resignation"]

1. Nf3 Nf6 2. g3 d5 3. Bg2 Bg4 4. O-O c6 5. d3 Nbd7 6. Qe1 e5 7. e4 dxe4 8. dxe4 Qc7 9. Nbd2 a5 10. a4 Nc5 11. b3 Nfd7 12. h3 Bh5 13. Bb2 f6 14. Nh4 Ne6 15. Nf5 Bf7 16. Qe3 Bc5 17. Qf3 O-O 18. Nc4 Ng5 19. Qe2 Rfd8 20. Kh1 Nb6 21. Nce3 Ne6 22. Qg4 Kh8 23. f4 exf4 24. gxf4 Bg6 25.
e5 fxe5 26. Bxe5 Qf7 27. Rae1 Bxe3 28. Nxe3 Bh5 29. Qg3 Nd7 30. Bb2 Nf6 31. Nf5 Rd2 32. Rxe6 Bg6 33. Nxg7 Rxg2 34. Qxg2 Be4 35. Rxe4 Qxg7 36.
Qxg7+ Kxg7 37. Re6 Kf8 38. Rxf6+ Kg7 39. Rg1+ 1-0